 Dungeon Crawl Stone Soup version 0.22.1-1-ga44c0e56f4 (webtiles) character file.

11 Knicklaso the Magician (level 2, -3/17 HPs)
             Began as a Halfling Wizard on Sept 26, 2018.
             Slain by a kobold
             ... wielding a +0 short sword
              (6 damage)
             ... on level 1 of the Dungeon.
             The game lasted 00:01:56 (1089 turns).

Knicklaso the Magician (Halfling Wizard)            Turns: 1089, Time: 00:01:56

Health: -3/17      AC:  2    Str:  8    XL:     2   Next: 40%
Magic:  0/5        EV: 14    Int: 16    God:
Gold:   26         SH:  0    Dex: 12    Spells: 5/6 levels left

rFire    . . .     SeeInvis .   h - +0 dagger
rCold    . . .     Gourm    .   (shield restricted)
rNeg     . . .     Faith    .   a - +0 robe
rPois    .         Spirit   .   b - +0 hat
rElec    .         Reflect  .   (no cloak)
rCorr    .         Harm     .   (no gloves)
MR       .....                  (no boots)
Stlth    ++........             (no amulet)
HPRegen  0.05/turn              (no ring)
MPRegen  0.09/turn              (no ring)

@: very slightly contaminated
A: small, mutation resistance 1
a: no special abilities


You were on level 1 of the Dungeon.
You were not hungry.

You visited 1 branch of the dungeon, and saw 1 of its levels.

You collected 26 gold pieces.

Inventory:

Hand Weapons
 h - a +0 dagger (weapon)
Armour
 a - a +0 robe (worn)
 b - a +0 hat (worn)
Jewellery
 k - a cursed -4 ring of intelligence {unknown}
Scrolls
 f - a scroll of remove curse {unknown}
 i - a scroll of teleportation {unknown}
 l - a scroll of fear {unknown}
 m - a scroll of identify {unknown}
Potions
 c - a potion of ambrosia {unknown}
 e - a potion of haste {unknown}
 g - 2 potions of curing {unknown}
 j - a potion of might {unknown}
Comestibles
 d - a ration


   Skills:
 - Level 2.1 Dodging
 + Level 2.4 Stealth
 + Level 2.6 Spellcasting
 + Level 1.3 Conjurations
   Level 0.7 Summonings
   Level 1.1 Translocations


You had 5 spell levels left.
You knew the following spells:

 Your Spells              Type           Power        Failure   Level  Hunger
a - Magic Dart            Conj           #...         12%         1    #......

Your spell library contained the following spells:

 Spells                   Type           Power        Failure   Level  Hunger
 Blink                    Tloc           N/A          19%         2    ##.....
 Call Imp                 Summ           #.......     22%         2    ##.....
 Slow                     Hex            #.......     30%         2    ##.....
 Conjure Flame            Conj/Fire      #.......     41%         3    ###....
 Mephitic Cloud           Conj/Pois/Air  #.......     43%         3    ###....


Dungeon Overview and Level Annotations

Branches:
Dungeon (1/15)

Altars:


Innate Abilities, Weirdness & Mutations

You are small and have problems with some larger weapons.
You are somewhat resistant to further mutation.


Message History

The magic dart hits the kobold.
The kobold hits you with a short sword.
* * * LOW HITPOINT WARNING * * *
Casting: Magic Dart (safe; 12% risk of failure)
Confirm with . or Enter, or press ? or * to list all spells.
Aiming: Magic Dart (safe; 12% risk of failure)
Press: ? - help, Shift-Dir - straight line, f/p - kobold
Aim: a kobold, wielding a short sword The magic dart hits the kobold.
The kobold is severely wounded.
The kobold hits you with a short sword.
* * * LOW HITPOINT WARNING * * *
Casting: Magic Dart (safe; 12% risk of failure)
Confirm with . or Enter, or press ? or * to list all spells.
Aiming: Magic Dart (safe; 12% risk of failure)
Press: ? - help, Shift-Dir - straight line, f/p - kobold
Aim: a kobold, wielding a short sword (severely wounded)
You miscast Magic Dart.
You are very lightly contaminated with residual magic.
Wisps of smoke drift from your hands. The kobold hits you with a short sword.
You die...

.########....####### #..........
.#.).....#.############.####.....
.#.#####.#.# #..................
.#.# ###.#.####.........######.#.
.#[# #..................# ####.#.
.#.# #.......#..........# #....#.
.#.# #.....#.#.(........# #....#.
...# #.....#.#..........# #....#.
#### #..........@.......# #....#.
#..........K.......# #....#.
#..................# #....#.
#..............##### #....##
#..............## ####.#.
#...............#########.#.
#...............#.........#.
#####...........#.#########.
#........####.#..###### #.


You could see a kobold.

Vanquished Creatures
  A dart slug (D:1)
  A ball python (D:1)
  2 hobgoblins (D:1)
  2 kobolds (D:1)
  2 bats (D:1)
  A rat (D:1)
9 creatures vanquished.

Notes
Turn   | Place    | Note
-------+----------+-------------------------------------------
     0 | D:1      | Knicklaso the Halfling Wizard began the quest for the Orb.
     0 | D:1      | Reached XP level 1. HP: 11/11 MP: 3/3
    28 | D:1      | Reached skill level 1 in Conjurations
   811 | D:1      | Reached XP level 2. HP: 11/17 MP: 3/5
  1089 | D:1      | Slain by a kobold

Skill      XL: |  1 |
---------------+----+-----
Conjurations   | 1 |  1.3
Dodging        | |  2.1
Stealth        | |  2.4
Spellcasting   | |  2.6
Summonings     | |  0.7
Translocations | |  1.1

Action                   || total
-------------------------++-------
Melee: Unarmed           ||    12
       Dagger            ||    14
 Cast: Magic Dart        ||    22
  Eat: Chunk             ||     1
Armor: Robe              ||     7
Dodge: Dodged            ||    26
